 Dungeon Crawl Stone Soup version 0.25-a0-992-gca090100c3 (webtiles) character file.

Game seed: 7392238385725353244, levelgen mode: deterministic

239 Esekla the Skirmisher (level 5, -7/47 HPs)
             Began as a Draconian Abyssal Knight on May 10, 2020.
             Was a Believer of Lugonu.
             Killed from afar by an orc wizard (12 damage)
             ... with a magic dart
             ... on level 4 of the Dungeon.
             The game lasted 00:20:08 (3708 turns).

Esekla the Skirmisher (Draconian Abyssal Knight)    Turns: 3708, Time: 00:20:08

Health: -7/47      AC:  6    Str: 14    XL:     5   Next: 79%
Magic:  6/6        EV: 12    Int: 14    God:    Lugonu [**....]
Gold:   227        SH:  0    Dex: 10    Spells: 2/6 levels left

rFire    . . .     SeeInvis .   a - +1 falchion
rCold    . . .     Gourm    .   (no shield)
rNeg     . . .     Faith    .   (armour unavailable)
rPois    .         Spirit   .   (helmet restricted)
rElec    .         Reflect  .   k - +0 cloak
rCorr    .         Harm     .   (no gloves)
MR       .....                  (no boots)
Stlth    +.........             (no amulet)
HPRegen  0.15/turn              (no ring)
MPRegen  0.10/turn              (no ring)

@: stab
A: unfitting armour, cold-blooded, AC +5
a: Depart the Abyss, Bend Space, Renounce Religion


You were on level 4 of the Dungeon.
You worshipped Lugonu.
Lugonu was pleased with you.
You were not hungry.

You visited 1 branch of the dungeon, and saw 4 of its levels.
You visited the Abyss 1 time.

You collected 227 gold pieces.

Inventory:

Hand Weapons
 a - a +1 falchion (weapon)
 j - a +0 spear
Missiles
 e - 19 poisoned darts (quivered)
Armour
 k - a +0 cloak (worn)
Scrolls
 g - a scroll of fear {unknown}
 i - 4 scrolls of remove curse
 m - a scroll of fog {unknown}
 n - a scroll of enchant weapon {unknown}
 o - 2 scrolls of blinking {unknown}
 p - a scroll of identify
 q - a scroll of magic mapping {unknown}
Potions
 c - a potion of cancellation
 d - a potion of stabbing
 f - a potion of curing
 h - a potion of haste
Comestibles
 b - 8 rations
 l - a chunk of flesh


   Skills:
 * Level 4.9 Fighting
 * Level 4.0 Long Blades
 + Level 2.9 Dodging
 * Level 1.2 Spellcasting
 * Level 0.4 Conjurations
 * Level 0.4 Fire Magic
 + Level 2.1 Invocations


You had 2 spell levels left.
You knew the following spells:

 Your Spells              Type           Power        Failure   Level  Hunger
a - Sticky Flame          Conj/Fire      #.......     91%         4    #####..

Your spell library contained the following spells:

 Spells                   Type           Power        Failure   Level  Hunger
 Inner Flame              Hex/Fire       #.......     56%         3    ####...
 Spectral Weapon          Hex/Chrm       #.......     61%         3    ####...


Dungeon Overview and Level Annotations

Branches:
Dungeon (4/15)
 Temple: D:4-7

Altars:
Ashenzari
Dithmenos
Gozag
Ru
Sif Muna
Uskayaw
Wu Jian
Xom


Innate Abilities, Weirdness & Mutations

Your plain brown scales are hard. (AC +5)
You cannot fit into any form of body armour.
You are cold-blooded and may be slowed by cold attacks.


Message History

* * * LOW HITPOINT WARNING * * *
The orc wizard misses you.
The orc wizard points at you and mumbles some strange words.
The magic dart hits you.
* * * LOW HITPOINT WARNING * * *
The orc wizard casts a spell at you. The magic dart hits you.
* * * LOW HITPOINT WARNING * * *
You feel ready to backstab.
The orc wizard hits you but does no damage.
You feel better.
The orc wizard gestures at you while chanting.
The puff of flame hits you!
* * * LOW HITPOINT WARNING * * *
The orc wizard begins to cast a cantrip, but forgets the words!
The orc wizard hits you with a +0 dagger.
* * * LOW HITPOINT WARNING * * *
The orc wizard points at you and mumbles some strange words.
The magic dart hits you!
You die...

####.#....# #..........##
........##..#####
.............#..##
.......#.........#
.......#.........###
...................#
..................## ###
.......#........@†.###.##
.......#....##..........#
.......#.......oo.#.....##
)...........#..o..#......#
.##....#......O.#........#
.# ##..#.....o..#.......##
.......Z.##....#...##
#........##.......##
........(...##.......#


You could see an ogre, 2 orc wizards, 2 orcs and an adder skeleton.

Vanquished Creatures
  2 orc priests
  An iguana (D:4)
  5 adders
  3 gnolls (D:3)
  A worm (D:3)
  2 dart slugs
  5 leopard geckos
  6 orcs (D:3)
  3 ball pythons (D:2)
  3 giant cockroaches
  5 goblins
  9 hobgoblins
  6 kobolds
  A quokka (D:3)
  9 bats
  2 frilled lizards (D:3)
  7 rats
70 creatures vanquished.

Notes
Turn   | Place    | Note
-------+----------+-------------------------------------------
     0 | Abyss:1  | Esekla the Draconian Abyssal Knight began the quest for the
                  | Orb.
     0 | Abyss:1  | Reached XP level 1. HP: 19/19 MP: 2/2
    82 | Abyss:3  | Identified the Incunabulum of the Bewitching Volcanoes
    91 | Abyss:3  | Noticed a large abomination
    93 | Abyss:3  | Noticed a reaper
   110 | Abyss:4  | Noticed a large abomination
   131 | Abyss:4  | Noticed a large abomination
   142 | D:1      | Escaped the Abyss
   405 | D:2      | Found a shattered altar of Ashenzari.
   477 | D:2      | Reached XP level 2. HP: 9/27 MP: 3/3
   681 | D:2      | Found a sacrificial altar of Ru.
  1052 | D:2      | Reached * piety under Lugonu
  1052 | D:2      | Reached XP level 3. HP: 23/33 MP: 4/4
  1426 | D:3      | Noticed a +0 dagger
  1428 | D:3      | Found a hide-covered altar of Uskayaw.
  1428 | D:3      | Noticed a +0 hand axe
  1489 | D:4      | Noticed an ogre
  1774 | D:3      | Reached XP level 4. HP: 32/41 MP: 5/5
  1791 | D:3      | Found a shimmering altar of Xom.
  2209 | D:2      | Found an opulent altar of Gozag.
  2233 | D:2      | Learned a level 4 spell: Sticky Flame
  2246 | D:2      | Reached XP level 5. HP: 47/47 MP: 6/6
  2394 | D:2      | Found an ornate altar of the Wu Jian Council.
  2418 | D:2      | Found a shadowy altar of Dithmenos.
  2421 | D:2      | Reached skill level 1 in Spellcasting
  2755 | D:1      | Reached ** piety under Lugonu
  3527 | D:3      | Found a shimmering blue altar of Sif Muna.
  3708 | D:4      | Killed from afar by an orc wizard

Illustrated notes

Levels and vault maps discovered:
D:1:      denvon_arrival_waterhouse, layout_loops_corners
D:2:      layout_basic, nicolae_overflow_crystal_walls,
          overflow_temple_1_default, nicolae_overflow_hidden_temple,
          marbit_many_paths, first_ration, chequers_serial_rivers_small_3,
          minmay_misc_feat_nine_boxes, fountainhead,
          nicolae_ru_sacrificial_ziggurat
D:3:      layout_rooms, lemuel_crystal_altar, led_sif_pool,
          dancing_weapons_uskayaw
D:4:      layout_cave_pools, grunt_temple_overflow_forces_of_nature,
          hellmonk_ghost_happy_afterlife, evilmike_ruin_ashenzari

Skill      XL: |  1  2  3  4  5 |
---------------+----------------+-----
Fighting       | 4 |  4.9
Long Blades    | 3 4 |  4.0
Spellcasting   | 1 |  1.2
Dodging        | |  2.9
Conjurations   | |  0.4
Fire Magic     | |  0.4
Invocations    | |  2.1

Action                   |  1- 3 |  4- 6 || total
-------------------------+-------+-------++-------
Melee: Long sword        |    55 |       ||    55
       Tailslap          |    10 |    16 ||    26
       Falchion          |    42 |   128 ||   170
Throw: Dart              |     3 |    16 ||    19
Invok: Depart the Abyss  |     1 |       ||     1
  Use: Scroll            |     4 |     2 ||     6
       Potion            |       |     2 ||     2
 Stab: Sleeping          |       |     2 ||     2
  Eat: Chunk             |     3 |     6 ||     9
Armor: Skin              |    31 |    52 ||    83
Dodge: Dodged            |    93 |    94 ||   187
       Rpst.: Long sword |    17 |       ||    17
       Falchion          |    12 |    24 ||    36

Table legend:
 A = Non-vault XP
 B = Vault XP
 C = Vault XP percentage of total XP
 D = Non-vault monster count
 E = Vault monster count
 F = Vault count percentage of total count
                 A         B        C        D         E       F
            +---------+---------+-------+---------+---------+-------
      Total |     341 |       1 |   0.3 |      69 |       1 |   1.4
            +---------+---------+-------+---------+---------+-------
        D:1 |      40 |       0 |   0.0 |      21 |       0 |   0.0
        D:2 |      68 |       1 |   1.4 |      18 |       1 |   5.3
        D:3 |     152 |       0 |   0.0 |      27 |       0 |   0.0
        D:4 |      81 |       0 |   0.0 |       3 |       0 |   0.0
            +---------+---------+-------+---------+---------+-------
